 Dungeon Crawl Stone Soup version 0.17-a0-1798-g879a7aa (webtiles) character file.

368 4thArraOfDagon the Chopper (level 6, -3/85 HPs)
             Began as a Deep Dwarf Berserker on Sept 10, 2015.
             Was a Believer of Trog.
             Slain by an orc warrior
             ... wielding a +0 dire flail
              (17 damage)
             ... on level 7 of the Dungeon.
             The game lasted 00:03:49 (582 turns).

4thArraOfDagon the Chopper (Deep Dwarf Berserker)    Turns: 582, Time: 00:03:49

Health: -3/85      AC:  7    Str: 28    XL:     6   Next: 41%
Magic:  6/6        EV: 11    Int:  7    God:    Trog [**....]
Gold:   25         SH:  0    Dex: 12    Spells: 0 memorised, 5 levels left

rFire  . . .     SeeInvis .     a - +0 hand axe
rCold  . . .     Clarity  .     j - +0 scale mail
rNeg   . . .     SustAt   .     (no shield)
rPois  .         Gourm    .     (no helmet)
rElec  .         Spirit   .     (no cloak)
rCorr  .         Warding  .     (no gloves)
rMut   .         Stasis   .     (no boots)
MR     ++...                    (no amulet)
Stlth  ..........               (no ring)
                                (no ring)

@: berserking, non-regenerating, very quick, very resistant to hostile
enchantments, extremely unstealthy
A: damage resistance, recharge devices, sense surroundings 1, slow healing 3
a: Device Recharging, Burn Spellbooks, Berserk, Trog's Hand, Renounce Religion


You were on level 7 of the Dungeon.
You worshipped Trog.
Trog was pleased with you.
You were very hungry.

You visited 1 branch of the dungeon, and saw 7 of its levels.

You collected 25 gold pieces.

Inventory:

Hand weapons
 a - a +0 hand axe (weapon)
Armour
 j - a +0 scale mail (worn)
Magical devices
 c - a wand of heal wounds (3)
Scrolls
 b - a scroll of identify {unknown}
 e - a scroll of fog {unknown}
 h - a scroll of fear {unknown}
Comestibles
 d - a bread ration
 f - 3 meat rations


   Skills:
 + Level 3.9 Fighting
 * Level 6.0 Axes
 + Level 4.3 Armour
 - Level 2.1 Dodging


You had 5 spell levels left.
You didn't know any spells.

Dungeon Overview and Level Annotations

Branches:
Dungeon (7/15)
 Temple: D:4-7

Altars:
Gozag
Ru


Innate Abilities, Weirdness & Mutations

You are resistant to damage.
You can recharge devices by infusing magical energy.
You passively map a small area around you.
You do not heal naturally.


Message History

The orc warrior hits you with a dire flail.
* * * LOW HITPOINT WARNING * * *
The orc completely misses you.
You barely miss the orc warrior.
The orc warrior is severely wounded.
You closely miss the orc.
The orc is heavily wounded.
You completely miss the iguana.
The iguana is heavily wounded.
The iguana completely misses you.
Unknown command.
You hit the orc warrior but do no damage.
The orc warrior is severely wounded.
You slash the orc!
You kill the orc!
Trog accepts your kill.
You barely miss the iguana.
The iguana is moderately wounded.
The orc warrior hits you with a dire flail!!
You die...

, ........##.....##l## ,
,#........##.....##.o# ,
, , #........##...#####.#
,, *........##...#
#o###+#
*.............#####......
,
####...............#..[..
,
#..................#.....
,
#......o)l...............
,
#......)@).#.............
, ,
#......))..#.........#...
#..........#(............
#..........#....<........
, ,
........................#
,
............########...(#
............##*#####.....
.........................
....##......


You could see an orc warrior and an iguana.

Vanquished Creatures
  An orc warrior (D:6)
  A crimson imp (D:6)
  A giant frog zombie (D:6)
  5 orc wizards
  A worker ant (D:4)
  A gnoll (D:6)
  2 adders (D:2)
  2 worms
  8 orcs
  A ball python (D:2)
  2 giant cockroaches
  A quokka (D:6)
  4 giant newts
  A goblin (D:1)
  2 rats
33 creatures vanquished.

Notes
Turn   | Place    | Note
--------------------------------------------------------------
     0 | D:1      | 4thArraOfDagon the Deep Dwarf Berserker began the quest for the Orb.
     0 | D:1      | Reached XP level 1. HP: 20/20 MP: 1/1
   106 | D:2      | Reached XP level 2. HP: 27/27 MP: 2/2
   253 | D:4      | Reached skill level 4 in Axes
   253 | D:4      | Reached XP level 3. HP: 21/34 MP: 3/3
   413 | D:4      | Found a sacrificial altar of Ru.
   440 | D:4      | Acquired Trog's second power
   471 | D:5      | Entered Level 5 of the Dungeon
   475 | D:6      | Found an opulent altar of Gozag.
   475 | D:6      | Noticed an orc warrior
   481 | D:6      | Reached XP level 4. HP: 33/42 MP: 4/4
   491 | D:6      | Noticed a gnoll sergeant
   499 | D:6      | Reached skill level 5 in Axes
   499 | D:6      | Reached XP level 5. HP: 42/49 MP: 5/5
   501 | D:6      | Killed an orc warrior
   501 | D:6      | Reached XP level 6. HP: 31/57 MP: 6/6
   579 | D:7      | Reached skill level 6 in Axes
   582 | D:7      | Slain by an orc warrior

Vault maps used:
D:1:      dpeg_arrival_stone_temple_mockup
D:2:      ecumenical_altar_2, first_bread, corexii_corridor_pit,
          grunt_ministairs_15
D:4:      nicolae_ru_awakened_eye, uniq_natasha, uniq_blork_the_orc, uniq_edmund
D:5:      minmay_goblin_kobold_castle, uniq_prince_ribbit1
D:6:      grunt_gozag_statues, serial_shops, shop
D:7:      temple_statues, kennysheep_cross_room

Action                   |  1- 3 |  4- 6 || total
-------------------------+-------+-------++-------
Melee: Hand axe          |    51 |    22 ||    73
Invok: Berserk           |     3 |     2 ||     5
       Trog's Hand       |     1 |     4 ||     5
Evoke: Wand              |       |     2 ||     2
  Use: Potion            |     1 |     1 ||     2
       Scroll            |     1 |       ||     1
 Stab: Sleeping          |     1 |       ||     1
  Eat: Chunk             |     2 |     1 ||     3
